 Dungeon Crawl Stone Soup version 0.27-a0-95-g5a9077b8ae (webtiles) character file.

Game seed: 12741590259497874688

67 knot the Chopper (level 4, 24/52 HPs)
             Began as a Demonspawn Berserker on Jan 19, 2021.
             Was a Believer of Trog.
             Quit the game on level 2 of the Dungeon.
             The game lasted 00:01:29 (1839 turns).

knot the Chopper (Demonspawn Berserker)             Turns: 1839, Time: 00:01:30

Health: 24/52      AC:  3    Str: 18    XL:     4   Next: 0%
Magic:  4/4        EV: 12    Int:  9    God:    Trog [**....]
Gold:   107        SH:  0    Dex: 12    Spells: 3/3 levels left

rFire    . . .     SeeInvis .   f - +0 war axe
rCold    + . .     Faith    .   (no shield)
rNeg     . . .     Spirit   .   b - +0 animal skin
rPois    .         Reflect  .   (helmet restricted)
rElec    .         Harm     .   (no cloak)
rCorr    .         Rampage  .   l - +0 pair of gloves
Will     +....                  (no boots)
Stlth    ..........             (no amulet)
HPRegen  0.17/turn              g - ring of willpower
MPRegen  0.09/turn              (no ring)

@: berserking, mildly poisoned (24 -> 22), very quick
A: horns 1, cold resistance 1
a: Renounce Religion, Berserk, Trog's Hand


You were on level 2 of the Dungeon.
You worshipped Trog.
Trog was pleased with you.
You visited 1 branch of the dungeon, and saw 2 of its levels.

You collected 107 gold pieces.

Inventory:

Hand Weapons
 f - a +0 war axe (weapon)
Missiles
 d - 7 poisoned darts
 o - 91 stones
 t - 32 sling bullets
 u - 6 boomerangs
Armour
 b - a +0 animal skin (worn)
 l - a +0 pair of gloves (worn)
Jewellery
 g - a ring of willpower (left hand)
 q - an uncursed amulet of guardian spirit {unknown}
Scrolls
 a - 2 scrolls of enchant weapon {unknown}
 c - a scroll of blinking {unknown}
 e - 7 scrolls of identify {unknown}
 j - a scroll of fear {unknown}
 n - a scroll of amnesia {unknown}
 p - a scroll of teleportation {unknown}
 r - a scroll of magic mapping {unknown}
Potions
 h - a potion of berserk rage {unknown}
 i - 3 potions of might {unknown}
 k - 2 potions of flight {unknown}
 m - a potion of curing {unknown}
 s - a potion of haste {unknown}


   Skills:
 - Level 3.0 Fighting
 + Level 4.4 Axes
 - Level 1.7 Armour
 - Level 1.7 Dodging


You had 3 spell levels left.
You didn't know any spells.
Your spell library was empty.

Dungeon Overview and Level Annotations

Branches:
Dungeon (2/15)

Altars:
Ashenzari

Annotations:
D:2 1 runed translucent door, Crazy Yiuf


Innate Abilities, Weirdness & Mutations

You have a pair of small horns on your head.
Your flesh is cold resistant. (rC+)


Message History

The frilled lizard closely misses you. The adder closely misses you.
You closely miss the adder.
The adder is heavily wounded.
You completely miss the frilled lizard. The adder closely misses you.
The frilled lizard bites you but does no damage.
You closely miss the adder. Your headbutt misses the adder.
The adder is heavily wounded.
You slash the frilled lizard!
You kill the frilled lizard!
Trog accepts your kill.
You feel sick. The adder closely misses you. The adder bites you.
A red film seems to cover your vision as you go berserk!
You feel yourself moving faster!
You feel mighty! The adder bites you.
You slash the adder!
You kill the adder!
Trog accepts your kill.
You have reached level 4!
You feel stronger.
Your demonic ancestry asserts itself...
You feel resistant to cold.
Are you sure you want to abandon this character and quit the game? (Confirm with "yes".)

.# ##.##....#.#. .#
#############.##......#.
.#####
.$......)...#..#...##...
.....#
...^........##.#...##.#.
.....#
............##.....##.#.
...).#
............###.......#.
###### ............#
#.###.#.#.
............###..##.#...
.......@............#.#.
##########.#####..###.#.
##.######.###.#.
#..........##.#. ♣ ###
#.....<..#.##.#. ♣♣
♣♣#..)# #........#..#.#.
.♣♣♣♣.+...#
#........##.....
..♣..♣#...#
###########.#.## .♣.♣♣♣
### #.#..#


There were no monsters in sight!

Vanquished Creatures
  3 adders (D:2)
  An ooze (D:2)
  A dart slug (D:1)
  A leopard gecko (D:2)
  2 giant cockroaches
  5 hobgoblins
  4 jackals (D:2)
  2 bats
  4 frilled lizards
  4 goblins
  3 kobolds
  5 rats
35 creatures vanquished.

Notes
Turn   | Place    | Note
-------+----------+-------------------------------------------
     0 | D:1      | knot the Demonspawn Berserker began the quest for the Orb.
     0 | D:1      | Reached XP level 1. HP: 18/18 MP: 1/1
    35 | D:1      | You fall into a shaft and drop 1 floor!
   153 | D:2      | Found a runed translucent door.
   154 | D:2      | Noticed Crazy Yiuf
   218 | D:2      | Reached skill level 3 in Axes
   221 | D:2      | Gained mutation: You have a pair of small horns on your
                  | head. [demonic ancestry]
   221 | D:2      | Reached XP level 2. HP: 22/24 MP: 2/2
   424 | D:1      | Found a broken altar of Ashenzari.
   794 | D:1      | Reached XP level 3. HP: 29/29 MP: 3/3
  1114 | D:2      | Reached skill level 4 in Axes
  1308 | D:2      | Reached ** piety under Trog
  1839 | D:2      | Gained mutation: Your flesh is cold resistant. (rC+)
                  | [demonic ancestry]
  1839 | D:2      | Reached XP level 4. HP: 24/35 MP: 4/4
  1839 | D:2      | Quit the game

Illustrated notes

Levels and vault maps discovered:
D:1:      matt_arrival_refuge, layout_loops_ring, ashenzari_altar_1
D:2:      layout_basic, uniq_crazy_yiuf_cottage

Skill      XL: |  1  2  3 |
---------------+----------+-----
Axes           | 3 4 |  4.4
Fighting       | |  3.0
Armour         | |  1.7
Dodging        | |  1.7

Action                   |  1- 3 |  4- 6 || total
-------------------------+-------+-------++-------
Melee: Hand axe          |    10 |       ||    10
       War axe           |    74 |       ||    74
       Headbutt          |    11 |       ||    11
Invok: Berserk           |     3 |       ||     3
 Stab: Sleeping          |     1 |       ||     1
Armor: Animal skin       |    22 |       ||    22
Dodge: Dodged            |    69 |       ||    69

Table legend: (Time is in decaauts)
 A = Elapsed time spent in this place.
 B = Non-inter-level travel time spent in this place.
 C = Inter-level travel time spent in this place.
 D = Time resting spent in this place.
 E = Time spent auto-exploring this place.
 F = Levels seen in this place.
 G = Mean time per level.
                   A        B        C        D        E       F      G
               +--------+--------+--------+--------+--------+-----+--------+
         Total |   1887 |   1887 |      0 |    515 |   1125 |   2 |  943.5 |
       Dungeon |   1887 |   1887 |      0 |    515 |   1125 |   2 |  943.5 |
               +--------+--------+--------+--------+--------+-----+--------+

Top non-repeatable levels by time:
     D:2: 1262 daAuts
     D:1: 625 daAuts
